 Dungeon Crawl Stone Soup version 0.29-a0-233-g1125b37a9b (webtiles) character file.

Game seed: 1984411216262884757

4016 PaleWalker the Nimble (level 10, -5/74 HPs)
             Began as a Gnoll Wanderer on Mar 2, 2022.
             Was an Elder of Qazlal.
             Slain by an orc knight
             ... wielding a +0 glaive
              (19 damage)
             ... in a bailey.
             The game lasted 00:31:46 (10109 turns).

PaleWalker the Nimble (Gnoll Wanderer)             Turns: 10109, Time: 00:31:47

Health: -5/74      AC: 10    Str: 11    XL:     10   Next: 23%
Magic:  12/18      EV: 16    Int: 13    God:    Qazlal [****..]
Gold:   1238       SH:  5    Dex: 15    Spells: 9/20 levels left

rFire   + . .      SeeInvis .   d - +11 mace of Ageuramp {venom, rPois}
rCold   . . .      Faith    .   (no shield)
rNeg    . . .      Spirit   .   h - +2 leather armour {rF+}
rPois   +          Reflect  .   (no helmet)
rElec   .          Harm     .   c - +0 cloak
rCorr   .          Rampage  .   (no gloves)
Will    .....                   (no boots)
Stlth   ++........              (no amulet)
HPRegen 0.22/turn               j - +4 ring of protection
MPRegen 0.16/turn               (no ring)

@: wereblooded, repel missiles
A: fangs 1, strong nose, distributed training
a: Renounce Religion, Upheaval, Elemental Force


You were in a bailey.
You worshipped Qazlal.
Qazlal was greatly pleased with you.
You visited 1 branch of the dungeon, and saw 8 of its levels.
You also visited: Sewer and Bailey.

You collected 1238 gold pieces.

Inventory:

Hand Weapons
 d - the +11 mace of Ageuramp (weapon) {venom, rPois}
   (You found it on level 4 of the Dungeon)

   It poisons the flesh of those it strikes.
   rPois:     It protects you from poison.
Missiles
 x - a throwing net
Armour
 c - a +0 cloak (worn)
 g - +0 steam dragon scales
 h - a +2 leather armour of fire resistance (worn)
 m - a +4 chain mail
 w - a +2 scale mail of cold resistance
Jewellery
 j - a +4 ring of protection (left hand)
Wands
 q - a wand of iceblast (18)
 y - a wand of acid (9)
Scrolls
 a - a scroll of fear
 f - 2 scrolls of fog
 i - 3 scrolls of teleportation
 k - a scroll of silence
 r - 2 scrolls of blinking
 s - a scroll of summoning {unknown}
 v - 3 scrolls of noise {unknown}
Potions
 b - 4 potions of curing
 e - a potion of cancellation
 n - a potion of resistance
 o - 4 potions of might
 p - a potion of brilliance
 u - a potion of lignification
 z - a potion of flight {unknown}


   Skills:
 + Level 5.1 Fighting
 + Level 5.1 Short Blades
 + Level 5.1 Long Blades
 + Level 5.1 Axes
 + Level 5.1 Maces & Flails
 + Level 5.1 Polearms
 + Level 5.1 Staves
 + Level 5.1 Slings
 + Level 5.1 Bows
 + Level 5.1 Crossbows
 + Level 5.1 Throwing
 + Level 5.1 Armour
 + Level 10.0 Dodging
 + Level 5.1 Stealth
 + Level 5.1 Shields
 + Level 5.1 Unarmed Combat
 + Level 5.9 Spellcasting
 + Level 4.2 Conjurations
 + Level 4.2 Hexes
 + Level 7.0 Summonings
 + Level 4.2 Necromancy
 + Level 4.2 Translocations
 + Level 4.2 Transmutations
 + Level 4.2 Fire Magic
 + Level 4.2 Ice Magic
 + Level 4.2 Air Magic
 + Level 4.2 Earth Magic
 + Level 4.2 Poison Magic
 + Level 5.6 Invocations
 + Level 6.9 Evocations


You had 9 spell levels left.
You knew the following spells:

 Your Spells              Type           Power      Damage    Failure   Level
a - Summon Small Mammal   Summ           88%        N/A       1%          1
b - Call Imp              Summ           22%        N/A       1%          2
c - Call Canine Familiar  Summ           22%        N/A       3%          3
d - Magic Dart            Conj           56%        1d5       3%          1
e - Poisonous Vapours     Pois/Air       28%        N/A       6%          2
f - Wereblood             Tmut           14%        N/A       6%          2

Your spell library contained the following spells:

 Spells                   Type           Power      Damage    Failure   Level
 Beastly Appendage        Tmut           28%        N/A       3%          1
 Corpse Rot               Necr/Air       28%        N/A       6%          2
 Scorch                   Fire           28%        2d6       6%          2
 Static Discharge         Conj/Air       14%        N/A       6%          2
 Conjure Flame            Conj/Fire      14%        6-21      12%         3
 Ignite Poison            Fire/Tmut/Pois 14%        N/A       12%         3
 Mephitic Cloud           Conj/Pois/Air  14%        N/A       12%         3
 Spider Form              Tmut/Pois      14%        N/A       12%         3
 Tukima's Dance           Hex            14%        N/A       12%         3
 Anguish                  Hex/Necr       7%         N/A       36%         4
 Flame Wave               Conj/Fire      14%        2d6       36%         4
 Sticky Flame             Conj/Fire      14%        2d4       36%         4
 Lightning Bolt           Conj/Air       7%         1d19      71%         5
 Summon Cactus Giant      Summ           11%        N/A       88%         6
 Enfeeble                 Hex            7%         N/A       100%        7
 Maxwell's Capacitive Co  Air            7%         ∞         100%        8


Dungeon Overview and Level Annotations

Branches:
Dungeon (8/15)             Temple (0/1) D:6           Sewer (visited)
 Bailey (1/1)
   Lair: D:8-11

Altars:
Kikubaaqudgha
Qazlal
Uskayaw
Vehumet
Xom
Yredelemnul


Innate Abilities, Weirdness & Mutations

You have very sharp teeth.
Your uncanny sense of smell can sniff out nearby items.
Your experience applies equally to all skills.


Message History

Casting: Call Imp (safe; 1% risk of failure)
Confirm with . or Enter, or press ? or * to list all spells.
Your blood is infused with primal strength.
As you open the gate, it creaks loudly!
You hear a shout!
An orc knight opens the door.
Your crimson imp blinks!
An orc knight comes into view. It is wielding a +0 glaive. x2
The orc knight shouts!
Found three items.
Found a roughly hewn altar of Beogh.
Found two gates leading back out of this place.
An orc knight comes into view. It is wielding a +0 glaive.
Press: ? - help, v - describe, . - travel, g - get item Item here: an ancient bardiche.
The floor.
The orc knight shouts!
The orc knight roars a battlecry!
The orc knights go into a battle-frenzy!
The orc knight is struck by lightning.
The orc knight roars a battlecry!
The orc knight goes into a battle-frenzy!
Your crimson imp is struck by lightning.
You kill your crimson imp!
Your crimson imp disappears in a puff of smoke!
There is an open gate here.
The orc knight hits you from afar with a +0 glaive!!
You block the orc knight's attack.
There is a gate leading back out of this place, spattered with blood here.
You sock the orc knight!
The orc knight is moderately wounded.
The orc knight misses you. You block the orc knight's attack.
The orc knight hits you from afar with a +0 glaive!!
You closely miss the orc knight. Your bite misses the orc knight.
The orc knight is moderately wounded.
Your hound closely misses the orc knight.
The orc knight misses you. You block the orc knight's attack.
The orc knight hits you from afar with a +0 glaive!
* * * LOW HITPOINT WARNING * * *
Your hound bites the orc knight but does no damage.
The orc knight hits you with a +0 glaive!!
You die...

.........##..#'#)#..##...........
.........#..##)#.##..#...........
........##.#########.##..........
........##.')#?.:#.'.##..........
........##)###._.###.##..........
........##.'.#oo.#)'.##..........
........##.####h####.##..........
.........#..##∩o∩##..##.........
.........##..#○○@##.............
....))....##..○..##...........
..≈≈.≈≈≈...##....##....≈≈≈.≈≈
.≈≈#)##≈....#######....≈##.# .
.≈##)∩#≈.............))≈#∩.##≈...
.≈#...................).....#≈...
.≈##.##≈..............)≈##.##≈...
. ###≈≈...............≈≈### .
≈≈≈≈.................≈≈≈≈


You could see 3 orc knights and a friendly hound (summoned).

Vanquished Creatures
  2 steam dragons (D:7)
  Duvessa (D:3)
  A water moccasin (D:6)
  A black bear (D:4)
  8 orc warriors
  2 ogres
  4 centaurs
  A phantom (D:6)
  6 kobold brigands
  A scorpion (D:6)
  3 bullfrogs
  Dowan (D:3)
  4 killer bees (D:7)
  2 hounds
  A gnoll shaman (D:7)
  A jelly (D:6)
  5 orc priests
  3 iguanas
  3 orc wizards
  4 gnolls (D:7)
  3 river rats (Sewer)
  13 adders
  An ufetubus (D:5)
  2 worms (D:3)
  3 dart slugs
  22 orcs
  2 endoplasms
  6 giant cockroaches
  6 goblins
  3 hobgoblins
  3 jackals (Sewer)
  8 quokkas
  9 ball pythons
  4 bats
  8 frilled lizards
  26 kobolds
  7 rats
  A butterfly (D:7)
181 creatures vanquished.

Vanquished Creatures (collateral kills)
  3 orc warriors (Bailey)
  An ogre (D:3)
  A jelly (D:6)
  An orc wizard (D:5)
  A gnoll (D:7)
  An adder (D:4)
  A dart slug (D:3)
  2 orcs
  An endoplasm (D:2)
  2 giant cockroaches (D:1)
  4 goblins
  2 hobgoblins
  A ball python (D:1)
  A frilled lizard (D:1)
  2 kobolds
  A rat (D:2)
25 creatures vanquished.

Vanquished Creatures (others)
  2 orc warriors (Bailey)
  A butterfly (D:7)
  6 plants (Sewer)
9 creatures vanquished.

Grand Total: 215 creatures vanquished

Notes
Turn   | Place    | Note
-------+----------+-------------------------------------------
     0 | D:1      | PaleWalker the Gnoll Wanderer began the quest for the Orb.
     0 | D:1      | PaleWalker set off with the following items: a +0 dagger, a
                  | potion of curing, a +2 leather armour; and the following
                  | spell memorised: Summon Small Mammal; and the following
                  | spells available to memorise: Call Canine Familiar
     0 | D:1      | Reached XP level 1. HP: 13/13 MP: 4/4
   529 | D:1      | Reached XP level 2. HP: 19/19 MP: 5/5
   874 | D:1      | Found a faded altar of an unknown god.
   900 | D:1      | Prayed at the altar of an unknown god.
   900 | D:1      | Became a worshipper of Qazlal Stormbringer
   900 | D:1      | Reached * piety under Qazlal
   966 | D:1      | Reached XP level 3. HP: 21/25 MP: 7/7
  1476 | D:2      | Found an ancient bone altar of Kikubaaqudgha.
  1567 | D:2      | Reached skill level 1 in Invocations
  1848 | D:2      | Reached skill level 1 in Fighting
  1848 | D:2      | Reached skill level 1 in Short Blades
  1848 | D:2      | Reached skill level 1 in Long Blades
  1848 | D:2      | Reached skill level 1 in Axes
  1848 | D:2      | Reached skill level 1 in Maces & Flails
  1848 | D:2      | Reached skill level 1 in Polearms
  1848 | D:2      | Reached skill level 1 in Staves
  1848 | D:2      | Reached skill level 1 in Slings
  1848 | D:2      | Reached skill level 1 in Bows
  1848 | D:2      | Reached skill level 1 in Crossbows
  1848 | D:2      | Reached skill level 1 in Throwing
  1848 | D:2      | Reached skill level 1 in Armour
  1848 | D:2      | Reached skill level 1 in Stealth
  1848 | D:2      | Reached skill level 1 in Shields
  1848 | D:2      | Reached skill level 1 in Unarmed Combat
  2206 | D:2      | Reached XP level 4. HP: 32/32 MP: 5/8
  2479 | D:2      | Reached ** piety under Qazlal
  3026 | D:3      | Reached skill level 1 in Conjurations
  3026 | D:3      | Reached skill level 1 in Hexes
  3026 | D:3      | Reached skill level 1 in Necromancy
  3026 | D:3      | Reached skill level 1 in Translocations
  3026 | D:3      | Reached skill level 1 in Transmutations
  3026 | D:3      | Reached skill level 1 in Fire Magic
  3026 | D:3      | Reached skill level 1 in Ice Magic
  3026 | D:3      | Reached skill level 1 in Air Magic
  3026 | D:3      | Reached skill level 1 in Earth Magic
  3026 | D:3      | Reached skill level 1 in Poison Magic
  3295 | D:3      | Found a basalt altar of Yredelemnul.
  3360 | D:3      | Reached XP level 5. HP: 37/37 MP: 5/9
  3777 | D:4      | Learned a level 2 spell: Call Imp
  3802 | D:4      | Noticed Dowan
  3804 | D:4      | Noticed Duvessa
  3845 | D:4      | HP: 1/37 [Duvessa/+0 short sword (8)]
  4152 | D:4      | Noticed an ogre
  4264 | D:3      | Killed an ogre
  4331 | D:3      | Killed Duvessa
  4332 | D:3      | Reached skill level 5 in Evocations
  4332 | D:3      | Reached XP level 6. HP: 13/44 MP: 5/11
  4332 | D:3      | Killed Dowan
  4594 | D:4      | Identified a scroll of acquirement
  4596 | D:4      | Acquired 805 gold pieces
  4599 | D:4      | Found a radiant altar of Vehumet.
  4697 | D:4      | Noticed a black bear
  4780 | D:4      | Killed a black bear
  4781 | D:4      | Reached XP level 7. HP: 21/50 MP: 1/12
  5014 | D:4      | Identified the +11 mace of Ageuramp {venom, rPois}
  5305 | D:5      | Entered Level 5 of the Dungeon
  5421 | D:5      | Found a hide-covered altar of Uskayaw.
  5421 | D:5      | Noticed a +0 hand axe
  5421 | D:5      | Noticed a +0 hand axe
  5482 | D:5      | Reached skill level 9 in Dodging
  5584 | D:5      | Reached *** piety under Qazlal
  5597 | D:5      | Found a glowing drain.
  5604 | Sewer    | Entered a sewer
  5773 | Sewer    | Reached XP level 8. HP: 57/57 MP: 14/14
  5777 | Sewer    | Learned a level 3 spell: Call Canine Familiar
  7140 | D:5      | Learned a level 1 spell: Magic Dart
  7285 | D:6      | Reached **** piety under Qazlal
  7413 | D:6      | Reached XP level 9. HP: 42/65 MP: 9/16
  7870 | D:6      | Reached skill level 5 in Spellcasting
  8271 | D:6      | Found a staircase to the Ecumenical Temple.
  8555 | D:7      | Found a shimmering altar of Xom.
  8870 | D:7      | Learned a level 2 spell: Poisonous Vapours
  8873 | D:7      | Learned a level 2 spell: Wereblood
  8928 | D:7      | Reached skill level 5 in Invocations
  9325 | D:8      | Found a flagged portal.
  9360 | Bailey   | Entered a bailey
  9464 | Bailey   | Reached XP level 10. HP: 46/73 MP: 8/18
  9653 | Bailey   | Reached skill level 5 in Fighting
  9653 | Bailey   | Reached skill level 5 in Short Blades
  9653 | Bailey   | Reached skill level 5 in Long Blades
  9653 | Bailey   | Reached skill level 5 in Axes
  9653 | Bailey   | Reached skill level 5 in Maces & Flails
  9653 | Bailey   | Reached skill level 5 in Polearms
  9653 | Bailey   | Reached skill level 5 in Staves
  9653 | Bailey   | Reached skill level 5 in Slings
  9653 | Bailey   | Reached skill level 5 in Bows
  9653 | Bailey   | Reached skill level 5 in Crossbows
  9653 | Bailey   | Reached skill level 5 in Throwing
  9653 | Bailey   | Reached skill level 5 in Armour
  9653 | Bailey   | Reached skill level 5 in Stealth
  9653 | Bailey   | Reached skill level 5 in Shields
  9653 | Bailey   | Reached skill level 5 in Unarmed Combat
  9913 | Bailey   | Reached skill level 10 in Dodging
 10104 | Bailey   | Noticed an orc knight
 10104 | Bailey   | Noticed an orc knight
 10105 | Bailey   | Noticed an orc knight
 10109 | Bailey   | Slain by an orc knight

Illustrated notes

Levels and vault maps discovered:
D:1:      dpeg_arrival_tiny_a, layout_loops_ring,
          shapermc_ecumenical_altar_mp_highgroup
D:2:      layout_loops_corners, basic_altar, roderic_lattice_a,
          minmay_box_of_dots
D:3:      layout_rooms, mainiacjoe_overflow_24_doors, st_stairs_10,
          nicolae_concentric_dashed_squares_wild, minmay_fractal_squares_5
D:4:      layout_rooms, mainiacjoe_overflow_tiny_flanked, uniq_duvessa
D:5:      layout_loops_corners, dancing_weapons_uskayaw,
          gup_sewer_entry_bubbles, kennysheep_generic_room_8
D:6:      layout_basic, minmay_temple_entry_poolview
D:7:      layout_loops_cross, xom_butterflies, grunt_decor_junction,
          minivault_11
D:8:      layout_loops_ring, lair_entry_dummy, enter_bailey_4, enter_ossuary_1,
          sigmund_army
Bailey:   bailey_polearm_2, bailey

Skill      XL: |  1  2  3  4  5  6  7  8  9 10 |
---------------+-------------------------------+-----
Invocations    | 1 2 3 4 5 |  5.6
Fighting       | 1 2 3 4 5 |  5.1
Short Blades   | 1 2 3 4 5 |  5.1
Long Blades    | 1 2 3 4 5 |  5.1
Axes           | 1 2 3 4 5 |  5.1
Maces & Flails | 1 2 3 4 5 |  5.1
Polearms       | 1 2 3 4 5 |  5.1
Staves         | 1 2 3 4 5 |  5.1
Slings         | 1 2 3 4 5 |  5.1
Bows           | 1 2 3 4 5 |  5.1
Crossbows      | 1 2 3 4 5 |  5.1
Throwing       | 1 2 3 4 5 |  5.1
Armour         | 1 2 3 4 5 |  5.1
Stealth        | 1 2 3 4 5 |  5.1
Shields        | 1 2 3 4 5 |  5.1
Unarmed Combat | 1 2 3 4 5 |  5.1
Spellcasting   | 3 4 5 |  5.9
Conjurations   | 1 2 3 4 |  4.2
Hexes          | 1 2 3 4 |  4.2
Necromancy     | 1 2 3 4 |  4.2
Translocations | 1 2 3 4 |  4.2
Transmutations | 1 2 3 4 |  4.2
Fire Magic     | 1 2 3 4 |  4.2
Ice Magic      | 1 2 3 4 |  4.2
Air Magic      | 1 2 3 4 |  4.2
Earth Magic    | 1 2 3 4 |  4.2
Poison Magic   | 1 2 3 4 |  4.2
Evocations     | 5 6 |  6.9
Dodging        | 9 10 | 10.0
Summonings     | 6 7 |  7.0

Action                   |  1- 3 |  4- 6 |  7- 9 | 10-12 || total
-------------------------+-------+-------+-------+-------++-------
Melee: Dagger            |   151 |    87 |       |       ||   238
       Bite              |    17 |    20 |    18 |     6 ||    61
       Unarmed           |       |    65 |       |       ||    65
       Punch             |       |     3 |     5 |     2 ||    10
       Rapier            |       |    23 |       |       ||    23
       Mace              |       |       |   230 |    44 ||   274
 Cast: Summon Small Mamm |    37 |    47 |     6 |       ||    90
       Call Imp          |       |    14 |    12 |     1 ||    27
       Call Canine Famil |       |       |    15 |     3 ||    18
       Magic Dart        |       |       |    10 |       ||    10
       Wereblood         |       |       |     3 |     5 ||     8
Invok: Elemental Force   |       |       |     1 |       ||     1
  Use: Scroll            |       |    11 |     4 |       ||    15
       Potion            |       |       |     1 |     1 ||     2
 Stab: Distracted        |       |     2 |       |       ||     2
       Invisible         |       |       |       |     2 ||     2
Armor: Leather armour    |    39 |    62 |    92 |     4 ||   197
Dodge: Dodged            |    96 |   141 |   199 |    42 ||   478
       Repelled          |       |       |       |     1 ||     1
Block: Other             |     7 |    24 |    68 |    13 ||   112

Table legend: (Time is in decaauts)
 A = Elapsed time spent in this place.
 B = Non-inter-level travel time spent in this place.
 C = Inter-level travel time spent in this place.
 D = Time resting spent in this place.
 E = Time spent auto-exploring this place.
 F = Levels seen in this place.
 G = Mean time per level.
                   A        B        C        D        E       F      G
               +--------+--------+--------+--------+--------+-----+--------+
         Total |  10330 |  10098 |    232 |    838 |   7085 |  10 | 1033.0 |
       Dungeon |   8603 |   8371 |    232 |    354 |   6265 |   8 | 1075.4 |
         Sewer |    971 |    971 |      0 |     21 |    739 |   1 |  971.0 |
        Bailey |    755 |    755 |      0 |    463 |     81 |   1 |  755.0 |
               +--------+--------+--------+--------+--------+-----+--------+

Top non-repeatable levels by time:
     D:2: 1535 daAuts
     D:3: 1497 daAuts
     D:1: 1434 daAuts
     D:5: 1183 daAuts
     D:6: 1146 daAuts
   Sewer: 971 daAuts
     D:7: 910 daAuts
     D:4: 818 daAuts
  Bailey: 755 daAuts
     D:8: 76 daAuts
